 Dungeon Crawl Stone Soup version 0.30-a0-627-gc11e7ae810 (webtiles) character file.

Game seed: 6100632679699202577

1544 Dartaoz the Slasher (level 8, -9/61 HPs)
             Began as a Demonspawn Fighter on Jan 12, 2023.
             Mangled by a gnoll sergeant
             ... wielding a +6 spear of distortion
              (13 damage)
             ... on level 5 of the Dungeon.
             The game lasted 00:15:03 (4198 turns).

Dartaoz the Slasher (Demonspawn Fighter)            Turns: 4198, Time: 00:15:04

Health: -9/61      AC:  9    Str: 18    XL:     8   Next: 56%
Magic:  8/8        EV: 10    Int:  9    God:
Gold:   316        SH:  8    Dex: 14    Spells: 7/7 levels left

rFire   . . .      SeeInvis .    a - +1 long sword
rCold   + . .      Faith    .    c - +0 buckler
rNeg    . . .      Spirit   .    b - +0 scale mail
rPois   .          Reflect  .    (no helmet)
rElec   .          Harm     .    (no cloak)
rCorr   .          Rampage  .    (no gloves)
Will    .....                    (no boots) Stlth
                                 g - amulet of regeneration
HPRegen 1.10/turn                l - ring of protection from cold
MPRegen 0.11/turn                (no ring)

@: no status effects
A: hooves 1, thin metallic scales 1, condensation shield
a: no special abilities


You were on level 5 of the Dungeon.
You visited 1 branch of the dungeon, and saw 5 of its levels.

You collected 316 gold pieces.

Inventory:

Hand Weapons
 a - a +1 long sword (weapon)
Missiles
 s - 3 atropa-tipped darts (quivered)
Armour
 b - a +0 scale mail (worn)
 c - a +0 buckler (worn)
Jewellery
 g - an amulet of regeneration (around neck)
 l - a ring of protection from cold (left hand)
 o - an amulet of magic regeneration
Scrolls
 e - a scroll of enchant weapon
 h - 3 scrolls of poison {unknown}
 i - 3 scrolls of fog
 j - a scroll of acquirement {unknown}
 k - 3 scrolls of teleportation
 m - a scroll of blinking {unknown}
 n - a scroll of magic mapping {unknown}
 q - 2 scrolls of identify {unknown}
 r - a scroll of immolation {unknown}
 t - a scroll of fear {unknown}
Potions
 p - a potion of flight


   Skills:
 + Level 4.9 Fighting
 + Level 7.9 Long Blades
 + Level 4.4 Armour
 + Level 3.2 Dodging
 - Level 2.6 Shields


You had 7 spell levels left.
You didn't know any spells.
Your spell library contained the following spells:

 Spells                   Type           Power      Damage    Failure   Level
 Portal Projectile        Hex/Tloc       0%         N/A       99%         3
 Tukima's Dance           Hex            0%         N/A       99%         3
 Blade Hands              Tmut           0%         N/A       100%        5


Dungeon Overview and Level Annotations

Branches:
Dungeon (5/15)
 Temple: D:4-7

Altars:
Gozag
Kikubaaqudgha
Trog
Xom

Shops:
D:5 (


Innate Abilities, Weirdness & Mutations

You have large cloven feet.
You are partially covered in thin metallic scales. (AC +2)
A meltable shield of frost defends you. (SH +4)


Message History

You blink.
The gnoll shouts!
The gnoll shouts!
The gnoll hits you but does no damage.
You completely miss the gnoll.
The gnoll sergeant hits you from afar with a +6 spear of distortion.
The gnoll closely misses you.
You slash the gnoll! You kick the gnoll.
The gnoll is almost dead.
The gnoll sergeant closely misses you. You block the gnoll's attack.
The gnoll hits you with a +0 whip of electrocution.
You barely miss the gnoll. You kick the gnoll.
You kill the gnoll!
The gnoll sergeant hits you from afar with a +6 spear of distortion.
Space warps around you. The gnoll barely misses you.
You barely miss the gnoll. You kick the gnoll.
The gnoll is moderately wounded.
The gnoll sergeant hits you but does no damage.
Space warps around you. The gnoll barely misses you.
You slash the gnoll!
You kill the gnoll!
The gnoll sergeant hits you but does no damage.
You blink.
The gnoll sergeant hits you with a +6 spear of distortion.
You blink.
The gnoll sergeant hits you with a +6 spear of distortion!
You blink.
The gnoll sergeant hits you from afar with a +6 spear of distortion!
Space warps around you. The gnoll sergeant barely misses you.
You completely miss the gnoll sergeant. Your kick misses the gnoll sergeant.
The gnoll sergeant is moderately wounded.
The gnoll sergeant hits you but does no damage.
Space warps horribly around you!!
* * * LOW HITPOINT WARNING * * *
You hit the gnoll sergeant but do no damage.
You kick the gnoll sergeant, but do no damage.
The gnoll sergeant is moderately wounded.
The gnoll sergeant hits you with a +6 spear of distortion!
You die...

#...##....#..........#....##
#...)...............####....
##..##...........#..###.....
#....###.##......##...#.<...
##....##.........###....##..
####.......###....#....#...
##....#...## #))....#.....#
#####.....##...###.##.####....#
##............#@g...######......
#..#####.#...####.....#.#.......
#.## #.#..####...........##...
#.# ####.# #........##...#..#
#.# #############......#...#...
#.# #≈≈≈≈≈≈≈≈# ####...........
#.####........#### #.[....[....
#..............._# #....#..#...
######........#### ##.######...


You could see a gnoll sergeant.

Vanquished Creatures
  Sigmund (D:2)
  A yak (D:5)
  A wyvern (D:4)
  2 black bears
  An ogre (D:5)
  A necrophage (D:4)
  2 scorpions
  A killer bee (D:5)
  A jelly (D:4)
  2 hounds (D:5)
  An orc priest (D:3)
  A gnoll bouda (D:4)
  2 iguanas (D:4)
  2 orc wizards (D:5)
  11 gnolls
  7 adders
  2 white imps
  2 ufetubi (D:5)
  6 worms
  2 dart slugs
  14 orcs
  7 ball pythons
  A bat zombie (D:5)
  4 endoplasms
  2 giant cockroaches
  8 goblins
  13 hobgoblins
  13 jackals
  7 quokkas
  10 bats
  14 frilled lizards
  8 kobolds
  7 rats
157 creatures vanquished.

Vanquished Creatures (others)
  3 plants (D:3)
3 creatures vanquished.

Grand Total: 160 creatures vanquished

Notes
Turn   | Place    | Note
-------+----------+-------------------------------------------
     0 | D:1      | Dartaoz the Demonspawn Fighter began the quest for the Orb.
     0 | D:1      | Reached XP level 1. HP: 18/18 MP: 1/1
    19 | D:1      | Reached skill level 2 in Long Blades
   127 | D:1      | Gained mutation: You have large cloven feet. [demonic
                  | ancestry]
   127 | D:1      | Reached XP level 2. HP: 18/24 MP: 2/2
   254 | D:1      | Reached skill level 3 in Long Blades
   364 | D:1      | Reached XP level 3. HP: 29/29 MP: 3/3
   825 | D:2      | Noticed Sigmund
  1079 | D:2      | Reached XP level 4. HP: 35/35 MP: 4/4
  1081 | D:2      | Reached skill level 4 in Long Blades
  1625 | D:2      | Killed Sigmund
  1626 | D:2      | Reached skill level 5 in Long Blades
  1626 | D:2      | Gained mutation: You are partially covered in thin metallic
                  | scales. (AC +2) [demonic ancestry]
  1626 | D:2      | Reached XP level 5. HP: 11/41 MP: 5/5
  1844 | D:3      | Gained mutation: A meltable shield of frost defends you.
                  | (SH +4) [demonic ancestry]
  1844 | D:3      | Reached XP level 6. HP: 30/47 MP: 6/6
  1895 | D:3      | Reached skill level 6 in Long Blades
  1996 | D:3      | Found a faded altar of an unknown god.
  2462 | D:4      | Reached skill level 7 in Long Blades
  2501 | D:4      | Reached XP level 7. HP: 51/52 MP: 7/7
  2840 | D:4      | Noticed an angel
  2841 | D:4      | Found a shimmering altar of Xom.
  2846 | D:4      | Reached skill level 1 in Dodging
  3197 | D:5      | Entered Level 5 of the Dungeon
  3225 | D:5      | Found a bloodstained altar of Trog.
  3326 | D:5      | Noticed a wyvern
  3345 | D:4      | Killed a wyvern
  3392 | D:4      | HP: 1/54 [orc/+0 morningstar (7)]
  3405 | D:4      | Reached XP level 8. HP: 13/60 MP: 8/8
  3738 | D:5      | Found an opulent altar of Gozag.
  3892 | D:5      | HP: 1/61 [gnoll sergeant/+6 spear of distortion (5)]
  4030 | D:5      | Found Jitavaep's Antique Weapon Emporium.
  4149 | D:5      | Found an ancient bone altar of Kikubaaqudgha.
  4197 | D:5      | HP: 3/61 [gnoll sergeant/+6 spear of distortion (22)]
  4198 | D:5      | Mangled by a gnoll sergeant

Illustrated notes

Levels and vault maps discovered:
D:1:      dpeg_arrival_oval, layout_rooms, serial_aquarium,
          aquarium_bridge_long_separate [aquarium_subvault_bridge,
          aquarium_subvault_window, aquarium_subvault_wall,
          aquarium_subvault_window, aquarium_subvault_bridge,
          aquarium_subvault_bridge], aquarium_window_corner,
          aquarium_window_corridor_3, aquarium_window_1, aquarium_window_corner,
          aquarium_view_2d, aquarium_balcony_1a, aquarium_pool_split
D:2:      layout_basic, uniq_sigmund, uniq_crazy_yiuf_cottage
D:3:      layout_loops_cross, shapermc_ecumenical_altar_mp_urbaneastern,
          minmay_lizard_king
D:4:      layout_basic, grunt_temple_overflow_order_and_chaos_1,
          minmay_misc_feat_plants, hangedman_abyss_or_decor_passed,
          dk_noncrumbling_3
D:5:      layout_cave_pools, lemuel_zombie_altar_kikubaaqudgha,
          mainiacjoe_overflow_alcove_4, bloody_trog, serial_shops,
          nicolae_shop_hallway_plus, minmay_small_thing

Skill      XL: |  1  2  3  4  5  6  7  8 |
---------------+-------------------------+-----
Long Blades    | 2 3 5 7 |  7.9
Armour         | 3 4 |  4.4
Dodging        | 2 3 |  3.2
Fighting       | 4 |  4.9
Shields        | |  2.6

Action                   |  1- 3 |  4- 6 |  7- 9 || total
-------------------------+-------+-------+-------++-------
Melee: Long sword        |   131 |   154 |   207 ||   492
       Kick              |    20 |    33 |    60 ||   113
Throw: Dart              |       |       |     2 ||     2
  Use: Scroll            |     2 |       |     1 ||     3
       Potion            |       |       |     5 ||     5
Armor: Scale mail        |    76 |    46 |    72 ||   194
Dodge: Dodged            |    70 |    42 |    95 ||   207
Block: Buckler           |    35 |    40 |    87 ||   162

Table legend: (Time is in decaauts)
 A = Elapsed time spent in this place.
 B = Non-inter-level travel time spent in this place.
 C = Inter-level travel time spent in this place.
 D = Time resting spent in this place.
 E = Time spent auto-exploring this place.
 F = Levels seen in this place.
 G = Mean time per level.
                   A        B        C        D        E       F      G
               +--------+--------+--------+--------+--------+-----+--------+
         Total |   4280 |   4214 |     66 |    120 |   3009 |   5 |  856.0 |
       Dungeon |   4280 |   4214 |     66 |    120 |   3009 |   5 |  856.0 |
               +--------+--------+--------+--------+--------+-----+--------+

Top non-repeatable levels by time:
     D:4: 983 daAuts
     D:2: 882 daAuts
     D:5: 867 daAuts
     D:1: 827 daAuts
     D:3: 720 daAuts
